 Dungeon Crawl Stone Soup version 0.32-a0-643-ga006e7742e (webtiles) character file.

Game seed: 15036079522817507327

54 CougarLife the Digger (level 3, -9/19 HPs)
             Began as a Gargoyle Earth Elementalist on Mar 7, 2024.
             Mangled by an ogre
             ... wielding a +0 giant club
              (22 damage)
             ... on level 3 of the Dungeon.
             The game lasted 00:01:00 (2178 turns).

CougarLife the Digger (Gargoyle Earth Elementalist) Turns: 2178, Time: 00:01:00

Health: -9/19      AC:  5    Str: 11    XL:     3   Next: 91%
Magic:  6/7        EV: 11    Int: 17    God:
Gold:   107        SH:  0    Dex: 10    Spells: 6/7 levels left

rFire   . . .        d - +0 dagger
rCold   . . .        (no shield)
rNeg    + . .        a - +0 robe
rPois   ∞            (no helmet)
rElec   +            (no cloak)
rCorr   .            (no gloves)
SInv    .            (no boots)
Will    .....        (no amulet)
Stlth   ++           (no ring)
HPRegen 0.23/turn    (no ring)
MPRegen 0.10/turn

%: no passive effects
@: no status effects
A: sickness immunity, AC +3, negative energy resistance 1, electricity
resistance, torment resistance 1, petrification resistance
a: no special abilities


You were on level 3 of the Dungeon.
You visited 1 branch of the dungeon, and saw 3 of its levels.

You collected 107 gold pieces.

Inventory:

Hand Weapons
 d - a +0 dagger (weapon)
Missiles
 j - a throwing net
Armour
 a - a +0 robe (worn)
Scrolls
 c - a scroll of amnesia {unknown}
 e - 2 scrolls of blinking {unknown}
 f - 2 scrolls of identify {unknown}
 i - 2 scrolls of revelation {unknown}
 k - a scroll of immolation {unknown}
Potions
 b - a potion of magic
 g - a potion of mutation {unknown}
 h - a potion of curing {unknown}


   Skills:
 - Level 1.5 Dodging
 - Level 2.1 Stealth
 + Level 2.7 Spellcasting
 + Level 2.3 Conjurations
 + Level 4.3 Earth Magic


You had 6 spell levels left.
You knew the following spells:

 Your Spells              Type           Power      Damage    Failure   Level
a - Sandblast             Erth           34%        2d9       3%          1

Your spell library contained the following spells:

 Spells                   Type           Power      Damage    Failure   Level
 Passwall                 Erth           17%        N/A       9%          3
 Sting                    Conj/Alch      24%        1d4       11%         1
 Stone Arrow              Conj/Erth      26%        3d8       14%         3
 Momentum Strike          Conj/Tloc      12%        3d8       17%         2
 Apportation              Tloc           4%         N/A       19%         1
 Necrotise                Necr           8%         1d4       19%         1
 Summon Small Mammal      Summ           8%         N/A       19%         1
 Blink                    Tloc           4%         N/A       26%         2
 Lesser Beckoning         Tloc           4%         N/A       26%         2
 Brom's Barrelling Bould  Conj/Erth      13%        2d4       41%         4
 Inner Flame              Hex/Fire       2%         N/A       47%         3
 Petrify                  Alch/Erth      9%         N/A       58%         4
 Flame Wave               Conj/Fire      6%         2d5       73%         4
 Sticky Flame             Fire/Alch      2%         2d4       87%         4


Dungeon Overview and Level Annotations

Branches:
Dungeon (3/15)

Altars:

Shops:
D:2 *

Annotations:
D:3 Jessica


Innate Abilities, Weirdness & Mutations

You are immune to sickness and miasma.
Your stone body is resilient. (AC +3)
You are immune to poison.
You resist negative energy. (rN+)
You are resistant to electric shocks. (rElec)
You are resistant to unholy torment.
You are immune to petrification.


Message History

You kill the rat!
There is a stone staircase leading down here.
You see here a rat corpse.
Found a stone staircase leading up.
No target in view!
You can't see any susceptible monsters within range! (Use Z to cast anyway.)
Found 3 silver javelins.
No target in view!
You can't see any susceptible monsters within range! (Use Z to cast anyway.)
You see here 3 silver javelins.
You now have 89 gold pieces (gained 9).
A ball python comes into view.
The blast of sand hits the ball python!
You kill the ball python!
You now have 96 gold pieces (gained 7).
You now have 107 gold pieces (gained 11).
A bat comes into view.
The blast of sand hits the bat!
You kill the bat!
Found a ring mail.
No target in view!
You can't see any susceptible monsters within range! (Use Z to cast anyway.) Jessica and an ogre come into view.
Found 16 gold pieces.
The ogre shouts!
Jessica shouts!
Jessica casts a spell.
Jessica seems to speed up.
Found a helmet.
Jessica hits you with a +0 club.
The blast of sand hits the ogre.
The ogre is lightly wounded.
Jessica hits you with a +0 club. The ogre barely misses you.
Jessica mumbles some strange words.
Jessica blinks!
There are monsters nearby!
You hit the ogre.
The ogre is lightly wounded.
Jessica closely misses you.
The ogre hits you with a +0 giant club!!
Ouch! That really hurt!
You die...

#.##♣♣.♣♣ #... #. ♣♣♣.♣♣
#..> ♣♣PP.PP♣♣ #.## .
♣PP...PP♣ #.# ..
###♣♣P.....P♣♣#.#
[$.#+##.......⌠.......##
.........♣♣P.....P♣♣....
......O..♣♣PP...PP♣♣####
......@@.[♣♣PP.PP♣♣ ...
.......##.♣♣♣♣.♣♣♣♣####.
P♣♣♣...+....♣♣.♣♣.+.....
♣.P.##.#.#.....####..
♣P.. #.#.#.....# #..
.... #.#.#.....# #†.
♣..+# #.#.#.....####..
## #...............
####.#########..


You could see an ogre and Jessica (fast).

Vanquished Creatures
  2 adders (D:2)
  3 dart slugs (D:1)
  4 endoplasms (D:1)
  3 giant cockroaches (D:1)
  5 goblins
  A kobold (D:1)
  5 ball pythons
  2 bats
  A frilled lizard (D:1)
  4 rats
30 creatures vanquished.

Notes
Turn   | Place    | Note
-------+----------+-------------------------------------------
     0 | D:1      | CougarLife the Gargoyle Earth Elementalist began the quest
                  | for the Orb.
     0 | D:1      | Reached XP level 1. HP: 10/10 MP: 3/3
    85 | D:1      | Reached XP level 2. HP: 15/15 MP: 0/5
   268 | D:1      | Reached skill level 4 in Earth Magic
   542 | D:1      | Reached XP level 3. HP: 17/19 MP: 2/6
  1580 | D:2      | Found Sestroor's Assorted Antiques.
  2175 | D:3      | Noticed Jessica
  2175 | D:3      | Noticed an ogre
  2178 | D:3      | Mangled by an ogre

Illustrated notes

Levels and vault maps discovered:
D:1:      dpeg_arrival_rooms_a, layout_basic
D:2:      layout_basic, serial_shops, nicolae_shop_tiny_real_fake_doors,
          minmay_misc_feat_enclosed, kennysheep_small_spiral
D:3:      layout_basic, mainiacjoe_overflow_surrounded_room,
          gammafunk_temple_overflow_statue, serial_forest,
          infiniplex_forest_lined_room_2, infiniplex_forest_clump_long,
          infiniplex_forest_join, infiniplex_forest_fountain,
          infiniplex_forest_lined_corner, infiniplex_forest_lined_room_,
          infiniplex_forest_fountain, infiniplex_forest_zigzag_1, uniq_jessica,
          uniq_natasha

Skill      XL: |  1  2  3 |
---------------+----------+-----
Earth Magic    | 4 |  4.3
Conjurations   | 2 |  2.3
Dodging        | |  1.5
Stealth        | |  2.1
Spellcasting   | |  2.7

Action                     || total
---------------------------++-------
  Melee: Unarmed           ||    10
         Dagger            ||     4
   Cast: Sandblast         ||    36
 Armour: Robe              ||    10
  Dodge: Dodged            ||    18

Table legend: (Time is in decaauts)
 A = Elapsed time spent in this place.
 B = Non-inter-level travel time spent in this place.
 C = Inter-level travel time spent in this place.
 D = Time resting spent in this place.
 E = Time spent auto-exploring this place.
 F = Levels seen in this place.
 G = Mean time per level.
                   A        B        C        D        E       F      G
               +--------+--------+--------+--------+--------+-----+--------+
         Total |   2195 |   2122 |     73 |      0 |   1932 |   3 |  731.7 |
       Dungeon |   2195 |   2122 |     73 |      0 |   1932 |   3 |  731.7 |
               +--------+--------+--------+--------+--------+-----+--------+

Top non-repeatable levels by time:
     D:1: 1019 daAuts
     D:2: 966 daAuts
     D:3: 209 daAuts
